 Dungeon Crawl Stone Soup version 0.31-a0-835-g2a3a5bc3be (webtiles) character file.

Game seed: 15803841541650060685

133 Ivernyr the Changeling (level 5, 0/33 HPs)
             Began as an Octopode Shapeshifter on Sept 26, 2023.
             Slain by a ball python (3 damage)
             ... in a sewer.
             The game lasted 00:03:23 (2028 turns).

Ivernyr the Changeling (Octopode Shapeshifter)      Turns: 2028, Time: 00:03:24

Health: 0/33       AC:  1    Str: 16    XL:     5   Next: 16%
Magic:  5/5        EV: 10    Int: 12    God:
Gold:   122        SH:  0    Dex: 17    Spells: 4/4 levels left

rFire   . .          .
                       - Unarmed
rCold   . . .        (no shield)
rNeg    . . .        (helmet currently unavailable)
rPois   .            (no amulet)
rElec   .            g - +6 ring of dexterity
rCorr   .            j - +4 ring of slaying
SInv    .            (no ring)
Will    .....        (no ring)
Stlth   ++++         (no ring)
HPRegen 0.25/turn    (no ring)
MPRegen 0.09/turn    (no ring)
                     (no ring)

%: no passive effects
@: beast-form, constricted
A: beast (slay +3), almost no armour, amphibious, 8 rings, camouflage 1,
gelatinous body 1, nimble swimmer 1, tentacles
a: Begin Untransformation


You were in a sewer.
You were a hulking beast.
You visited 1 branch of the dungeon, and saw 3 of its levels.
You also visited: Sewer.

You collected 122 gold pieces.

Inventory:

Jewellery
 g - a +6 ring of dexterity (left tentacle)
 j - a +4 ring of slaying (right tentacle)
Talismans
 b - a beast talisman (active)
 c - a flux talisman
Wands
 m - a wand of iceblast (6)
Scrolls
 d - a scroll of teleportation {unknown}
 e - 2 scrolls of fog {unknown}
 h - a scroll of identify {unknown}
 i - a scroll of amnesia {unknown}
Potions
 a - 2 potions of lignification
 f - a potion of mutation {unknown}
 k - a potion of berserk rage {unknown}
 l - a potion of cancellation {unknown}


   Skills:
 - Level 1.0 Fighting
 - Level 2.0 Dodging
 - Level 3.0 Unarmed Combat
 + Level 5.3 Shapeshifting


You had 4 spell levels left.
You didn't know any spells.
Your spell library was empty.

Dungeon Overview and Level Annotations

Branches:
Dungeon (3/15)              Sewer (1/1)

Altars:

Annotations:
Sewer Pargi


Innate Abilities, Weirdness & Mutations

You are a hulking beast.
Your limbs bulge with bestial killing power. (Slay +3)
You cannot wear most types of armour.
You are amphibious.
You can wear up to eight rings at the same time.
Your skin changes colour to match your surroundings (Stealth+).
Your rubbery body absorbs attacks. (AC +1, EV +1)
You are camouflaged when in or above water. (Stealth+)
You have tentacles for arms and can constrict up to eight enemies at once.


Message History

You closely miss Pargi.
Pargi is lightly wounded.
The ball python closely misses you. The ball python barely misses you.
Pargi bites you but does no damage. Pargi completely misses you.
Pargi misses you. The ball python barely misses you. x2
You tentacle-slap Pargi.
Pargi is moderately wounded.
Pargi misses you. Pargi closely misses you. Pargi claws you.
The ball python barely misses you. x2
You tentacle-slap Pargi.
Pargi is moderately wounded.
Pargi closely misses you. Pargi claws you. x2
* * * LOW HITPOINT WARNING * * *
The ball python closely misses you. The ball python grabs you.
The ball python constricts you.
Unknown command.
You tentacle-slap Pargi.
Pargi is moderately wounded.
Pargi closely misses you. Pargi misses you. Pargi claws you.
* * * LOW HITPOINT WARNING * * *
The ball python closely misses you. The ball python constricts you.
* * * LOW HITPOINT WARNING * * *
Unknown command.
You tentacle-slap Pargi.
Pargi is heavily wounded.
The ball python bites you.
* * * LOW HITPOINT WARNING * * *
The ball python constricts you. Pargi closely misses you.
Pargi completely misses you. Pargi barely misses you.
Unknown command.
You escape the ball python's grasp.
You enter the shallow water.
The ball python attacks as it pursues you!
The ball python bites you.
* * * LOW HITPOINT WARNING * * *
The ball python barely misses you. The ball python closely misses you. x2
You enter the shallow water.
The ball python attacks as it pursues you!
The ball python barely misses you. The ball python grabs you.
The ball python constricts you. The ball python bites you.
You die...

###~≈≈≈≈≈≈≈≈# #.∩≈≈≈≈≈≈≈≈≈#
#.∩≈≈≈≈†≈≈≈≈# ###.≈≈≈≈≈≈≈##
#.~≈≈†≈≈≈# ###~≈≈≈≈≈≈### .
#~.≈≈≈≈≈≈≈≈≈# ~.#
###...≈≈≈≈≈≈≈≈## ≈~~.##
#.h.≈≈≈≈≈≈≈≈≈≈# ≈≈≈≈~.#
##S≈≈≈≈≈≈≈≈≈≈≈≈#
≈≈≈≈≈~.#####.~≈≈≈≈≈≈≈≈≈≈≈##
≈≈≈≈≈≈≈.##.T~≈≈≈≈≈≈≈≈≈≈≈≈≈#
≈≈≈≈≈≈≈≈~..~≈≈≈≈≈≈≈≈≈≈≈≈###
≈≈≈≈≈≈≈≈≈≈≈≈≈≈≈≈≈≈≈≈≈≈≈##
≈≈≈≈≈≈≈≈≈≈≈≈≈≈≈≈≈≈≈≈≈≈≈≈#
≈≈≈≈≈≈≈≈≈≈≈≈≈≈≈≈≈≈≈≈≈≈≈≈#
≈≈≈≈≈≈≈≈≈≈≈≈≈≈≈≈≈≈≈≈≈≈###


You could see Pargi and a ball python.

Vanquished Creatures
  Ijyb (D:3)
  4 adders
  A river rat (D:3)
  A worm (D:2)
  2 dart slugs (D:1)
  6 bats
  An endoplasm (D:2)
  4 giant cockroaches (D:1)
  3 goblins (D:2)
  4 hobgoblins
  3 jackals (D:1)
  4 quokkas
  6 ball pythons
  3 frilled lizards
  5 kobolds
  4 rats
52 creatures vanquished.

Notes
Turn   | Place    | Note
-------+----------+-------------------------------------------
     0 | D:1      | Ivernyr the Octopode Shapeshifter began the quest for the
                  | Orb.
     0 | D:1      | Reached XP level 1. HP: 13/13 MP: 1/1
    81 | D:1      | Reached XP level 2. HP: 16/18 MP: 2/2
   352 | D:1      | Reached XP level 3. HP: 22/23 MP: 3/3
   499 | D:1      | Reached skill level 4 in Shapeshifting
  1334 | D:2      | Reached XP level 4. HP: 28/28 MP: 4/4
  1844 | D:3      | Noticed Ijyb
  1852 | D:3      | Killed Ijyb
  1853 | D:3      | Reached skill level 5 in Shapeshifting
  1941 | D:3      | Reached XP level 5. HP: 33/33 MP: 5/5
  1961 | D:3      | Found a glowing drain.
  1973 | Sewer    | Entered a sewer
  2004 | Sewer    | Noticed Pargi
  2028 | Sewer    | Slain by a ball python

Illustrated notes

Levels and vault maps discovered:
D:1:      sevenhm_arrival_forest_fort_large_4, layout_basic, corner_web_ring
D:2:      layout_basic, minmay_misc_feat_iff, dk_noncrumbling_4
D:3:      minmay_octagon_keep, layout_basic,
          mainiacjoe_overflow_concentric_impassable, gup_sewer_entry_bubbles,
          uniq_ijyb
Sewer:    sewer_co_pargi_island

Skill      XL: |  1  2  3  4 |
---------------+-------------+-----
Shapeshifting  | 4 5 |  5.3
Fighting       | |  1.0
Dodging        | |  2.0
Unarmed Combat | |  3.0

Action                     |  1- 3 |  4- 6 || total
---------------------------+-------+-------++-------
  Melee: Unarmed           |    60 |    40 ||   100
         Constrict         |    13 |     6 ||    19
         Tentacles         |     8 |     3 ||    11
         Punch             |     4 |       ||     4
   Stab: Sleeping          |     5 |     6 ||    11
 Armour: Skin              |    25 |    25 ||    50
  Dodge: Dodged            |    39 |    47 ||    86

Table legend: (Time is in decaauts)
 A = Elapsed time spent in this place.
 B = Non-inter-level travel time spent in this place.
 C = Inter-level travel time spent in this place.
 D = Time resting spent in this place.
 E = Time spent auto-exploring this place.
 F = Levels seen in this place.
 G = Mean time per level.
                   A        B        C        D        E       F      G
               +--------+--------+--------+--------+--------+-----+--------+
         Total |   2021 |   2001 |     20 |      0 |   1604 |   4 |  505.2 |
       Dungeon |   1966 |   1946 |     20 |      0 |   1581 |   3 |  655.3 |
         Sewer |     54 |     54 |      0 |      0 |     23 |   1 |   54.0 |
               +--------+--------+--------+--------+--------+-----+--------+

Top non-repeatable levels by time:
     D:1: 985 daAuts
     D:2: 807 daAuts
     D:3: 173 daAuts
   Sewer: 54 daAuts
